 Dungeon Crawl Stone Soup version 0.22.1-2-g9c5b331383 (webtiles) character file.

71 Adamkad1 the Charmwright (level 4, -1/27 HPs)
             Began as a Tengu Skald on Dec 19, 2018.
             Slain by a leopard gecko (5 damage)
             ... on level 3 of the Dungeon.
             The game lasted 00:03:02 (3192 turns).

Adamkad1 the Charmwright (Tengu Skald)              Turns: 3192, Time: 00:03:03

Health: -1/27      AC:  3    Str: 12    XL:     4   Next: 24%
Magic:  4/8        EV: 12    Int: 13    God:
Gold:   42         SH:  0    Dex: 14    Spells: 2/7 levels left

rFire    . . .     SeeInvis .   a - +0 falchion
rCold    . . .     Gourm    .   (no shield)
rNeg     . . .     Faith    .   b - +0 leather armour
rPois    .         Spirit   .   (helmet restricted)
rElec    .         Reflect  .   (no cloak)
rCorr    .         Harm     .   (no gloves)
MR       .....                  (boots unavailable)
Stlth    +.........             (no amulet)
HPRegen  0.09/turn              (no ring)
MPRegen  0.11/turn              (no ring)

@: singing
A: beak, talons 3
a: no special abilities


You were on level 3 of the Dungeon.
You were not hungry.

You visited 1 branch of the dungeon, and saw 3 of its levels.

You collected 42 gold pieces.

Inventory:

Hand Weapons
 a - a +0 falchion (weapon)
Armour
 b - a +0 leather armour (worn)
Scrolls
 f - a scroll of enchant armour {unknown}
 g - a scroll of noise {unknown}
 h - a scroll of remove curse {unknown}
 i - a scroll of teleportation {unknown}
 k - a scroll of immolation {unknown}
 m - a scroll of enchant weapon {unknown}
Potions
 e - 2 potions of heal wounds
 l - a potion of lignification {unknown}
Comestibles
 c - 2 chunks of flesh
 d - 2 rations


   Skills:
 * Level 2.5 Fighting
 * Level 2.8 Long Blades
 + Level 1.6 Armour
 * Level 2.8 Dodging
 + Level 2.2 Spellcasting
 * Level 2.8 Charms
 + Level 0.3 Translocations


You had 2 spell levels left.
You knew the following spells:

 Your Spells              Type           Power        Failure   Level  Hunger
a - Infusion              Chrm           #...         10%         1    ##.....
b - Song of Slaying       Chrm           #.......     16%         2    ###....
c - Shroud of Golubria    Chrm/Tloc      #.........   26%         2    ###....

Your spell library contained the following spells:

 Spells                   Type           Power        Failure   Level  Hunger
 Regeneration             Chrm/Necr      #.........   47%         3    ####...
 Spectral Weapon          Hex/Chrm       #.......     47%         3    ####...


Dungeon Overview and Level Annotations

Branches:
Dungeon (3/15)

Altars:
Fedhas
Trog

Annotations:
D:2 exclusion: oklob plant, Robin


Innate Abilities, Weirdness & Mutations

You have a beak for a mouth.
You have claws for feet.


Message History

The orc is heavily wounded.
The orc closely misses you.
Unknown command.
You hit the orc.
You kill the orc!
You are no longer magically infusing your attacks.
Unknown command.
You hit the kobold but do no damage. Your kick misses the kobold.
The kobold barely misses you.
Unknown command.
You hit the kobold.
The kobold is heavily wounded.
The kobold hits you.
* * * LOW HITPOINT WARNING * * *
The leopard gecko misses you.
The leopard gecko bites you but does no damage.
The kobold barely misses you.
You hit the leopard gecko but do no damage.
The leopard gecko bites you.
You die...

..# #.. #.###....
####...#....
##...........
##..).........
#..<..........
#.....)l......
#.....@K......
##......†......
##...##.........
##.....##........
#..._...##.......
#...)...# ######.
#'#####^#
#.#######
##.....#


You could see a leopard gecko and a kobold.

Vanquished Creatures
  3 adders (D:2)
  A worm (D:2)
  2 leopard geckos
  2 orcs (D:3)
  A giant cockroach (D:2)
  10 goblins
  5 hobgoblins
  2 kobolds (D:2)
  2 bats (D:2)
  2 frilled lizards
  7 rats
37 creatures vanquished.

Notes
Turn   | Place    | Note
-------+----------+-------------------------------------------
     0 | D:1      | Adamkad1 the Tengu Skald began the quest for the Orb.
     0 | D:1      | Reached XP level 1. HP: 12/12 MP: 4/4
   985 | D:1      | Reached XP level 2. HP: 14/17 MP: 6/6
   995 | D:1      | Learned a level 2 spell: Song of Slaying
   998 | D:1      | Learned a level 2 spell: Shroud of Golubria
  1373 | D:2      | Noticed Robin
  1648 | D:2      | Reached XP level 3. HP: 22/22 MP: 7/7
  2709 | D:2      | Reached XP level 4. HP: 25/27 MP: 3/8
  3023 | D:2      | Found a blossoming altar of Fedhas.
  3034 | D:2      | Noticed an oklob plant
  3127 | D:3      | Found a bloodstained altar of Trog.
  3192 | D:3      | Slain by a leopard gecko

Action                   |  1- 3 |  4- 6 || total
-------------------------+-------+-------++-------
Melee: Falchion          |    52 |    24 ||    76
       Kick              |    12 |     4 ||    16
       Peck              |     6 |     7 ||    13
 Cast: Infusion          |     5 |     2 ||     7
       Shroud of Golubri |     1 |       ||     1
       Song of Slaying   |       |     1 ||     1
  Use: Potion            |     2 |       ||     2
 Stab: Sleeping          |     1 |     1 ||     2
       Distracted        |     1 |       ||     1
  Eat: Chunk             |     6 |     1 ||     7
Armor: Leather armour    |    17 |     5 ||    22
Dodge: Dodged            |    49 |    16 ||    65
       Rpst.: Falchion   |    14 |     3 ||    17
